 Dungeon Crawl Stone Soup version 0.26-a0-244-g083ca260ac (webtiles) character file.

Game seed: 13029179740188290108

50 BritishOli the Skirmisher (level 3, 0/29 HPs)
             Began as a Demonspawn Fighter on July 8, 2020.
             Slain by a centaur (2 damage)
             ... on level 2 of the Dungeon.
             The game lasted 00:01:22 (1548 turns).

BritishOli the Skirmisher (Demonspawn Fighter)      Turns: 1548, Time: 00:01:23

Health: 0/29       AC:  8    Str: 17    XL:     3   Next: 55%
Magic:  3/3        EV:  7    Int:  9    God:
Gold:   107        SH:  9    Dex: 12    Spells: 2/2 levels left

rFire    . . .     SeeInvis .   a - +0 long sword
rCold    . . .     Faith    .   c - +0 kite shield
rNeg     . . .     Spirit   .   b - +0 scale mail
rPois    .         Reflect  .   (no helmet)
rElec    .         Harm     .   (no cloak)
rCorr    .                      (no gloves)
MR       .....                  (no boots)
Stlth    ..........             (no amulet)
HPRegen  0.09/turn              (no ring)
MPRegen  0.08/turn              (no ring)

@: no status effects
A: slimy green scales 1
a: no special abilities


You were on level 2 of the Dungeon.
You were not hungry.

You visited 1 branch of the dungeon, and saw 2 of its levels.

You collected 107 gold pieces.

Inventory:

Hand Weapons
 a - a +0 long sword (weapon)
Armour
 b - a +0 scale mail (worn)
 c - a +0 kite shield (worn)
Jewellery
 i - a cursed amulet of inaccuracy {unknown}
Scrolls
 e - 4 scrolls of remove curse {unknown}
 g - 2 scrolls of teleportation {unknown}
 k - a scroll of fear {unknown}
 n - a scroll of enchant armour {unknown}
 o - 2 scrolls of identify {unknown}
 p - a scroll of magic mapping {unknown}
 q - 2 scrolls of fog {unknown}
Potions
 d - a potion of might
 h - 3 potions of curing {unknown}
 j - a potion of magic {unknown}
 l - 3 potions of degeneration {unknown}
 m - a potion of stabbing {unknown}
Comestibles
 f - 2 rations


   Skills:
 + Level 3.4 Fighting
 + Level 2.3 Long Blades
 + Level 3.1 Armour
 + Level 3.1 Shields


You had 2 spell levels left.
You didn't know any spells.
Your spell library was empty.

Dungeon Overview and Level Annotations

Branches:
Dungeon (2/15)

Altars:


Innate Abilities, Weirdness & Mutations

You are partially covered in slimy green scales. (AC +2)


Message History

You are too injured to fight recklessly!
A centaur is nearby!
You see here 2 arrows.
The centaur shoots an arrow.
The arrow barely misses you.
You see here an arrow.
The centaur shoots an arrow.
The arrow hits you!
* * * LOW HITPOINT WARNING * * *
You see here an arrow.
The centaur shoots an arrow.
You block the arrow.
You see here 2 arrows.
A giant cockroach comes into view.
The centaur unwields a +0 shortbow.
You block the centaur's attack. The centaur hits you.
* * * LOW HITPOINT WARNING * * *
You hit the centaur.
The centaur is moderately wounded.
The centaur hits you.
* * * LOW HITPOINT WARNING * * *
The centaur hits you.
You die...

####............##.##
#............##..##
##............###..####
#..............###..#..
##.###.#..............#
#.# #..............###
#.# #(#......#......#
##.# #(#..........##...
#.(###@#..........####.
#(#.sc.#........#...(..
#..#.####........#.#####
#.....# #...........####
.c.#####
#..######......# #..#
#..# ##.##..## #.# ..#
#..#.... #. ##....†. .
###..†.


You could see a centaur and a giant cockroach.

Vanquished Creatures
  An adder (D:2)
  A worm (D:2)
  2 dart slugs (D:1)
  6 goblins
  9 hobgoblins
  2 quokkas (D:2)
  A ball python (D:2)
  3 bats
  2 frilled lizards (D:2)
  3 kobolds
  4 rats
34 creatures vanquished.

Notes
Turn   | Place    | Note
-------+----------+-------------------------------------------
     0 | D:1      | BritishOli the Demonspawn Fighter began the quest for the
                  | Orb.
     0 | D:1      | Reached XP level 1. HP: 18/18 MP: 1/1
   194 | D:1      | Gained mutation: You are partially covered in slimy green
                  | scales. (AC +2) [demonic ancestry]
   194 | D:1      | Reached XP level 2. HP: 21/24 MP: 2/2
  1015 | D:2      | Reached XP level 3. HP: 17/29 MP: 3/3
  1537 | D:2      | Noticed a centaur
  1548 | D:2      | Slain by a centaur

Illustrated notes

Levels and vault maps discovered:
D:1:      dpeg_arrival_rooms_b, layout_basic
D:2:      layout_rooms, lemuel_coloured_pillars_altar, first_ration

Skill      XL: |  1  2 |
---------------+-------+-----
Long Blades    | 2 |  2.3
Armour         | 3 |  3.1
Shields        | 3 |  3.1
Fighting       | |  3.4

Action                   || total
-------------------------++-------
Melee: Long sword        ||   111
  Eat: Ration            ||     1
Armor: Scale mail        ||    73
Dodge: Dodged            ||    49
Block: Kite shield       ||    70
       Rpst.: Long sword ||    13

Table legend:
 A = Non-vault XP
 B = Vault XP
 C = Vault XP percentage of total XP
 D = Non-vault monster count
 E = Vault monster count
 F = Vault count percentage of total count
                 A         B        C        D         E       F
            +---------+---------+-------+---------+---------+-------
      Total |      72 |       0 |   0.0 |      34 |       0 |   0.0
            +---------+---------+-------+---------+---------+-------
        D:1 |      26 |       0 |   0.0 |      14 |       0 |   0.0
        D:2 |      46 |       0 |   0.0 |      20 |       0 |   0.0
            +---------+---------+-------+---------+---------+-------
